 Dungeon Crawl Stone Soup version 0.28.0-53-g5a82cb258f (webtiles) character file.

Game seed: 3543015811236038255

260 theswoord the Cudgeller (level 5, -4/41 HPs)
             Began as a Demonspawn Fighter on July 15, 2022.
             Slain by a gnoll
             ... wielding a +0 halberd
              (7 damage)
             ... on level 2 of the Dungeon.
             The game lasted 00:07:21 (1578 turns).

theswoord the Cudgeller (Demonspawn Fighter)        Turns: 1578, Time: 00:07:22

Health: -4/41      AC: 11    Str: 16    XL:     5   Next: 95%
Magic:  5/5        EV:  4    Int: 10    God:
Gold:   50         SH:  4    Dex: 14    Spells: 4/4 levels left

rFire   . . .      SeeInvis .   a - +0 flail
rCold   . . .      Faith    .   c - +0 buckler
rNeg    . . .      Spirit   .   g - +0 plate armour
rPois   .          Reflect  .   (helmet restricted)
rElec   .          Harm     .   (no cloak)
rCorr   .          Rampage  .   (no gloves)
Will    .....                   (no boots)
Stlth   ..........              (no amulet)
HPRegen 0.13/turn               (no ring)
MPRegen 0.09/turn               (no ring)

@: attractive
A: horns 1, ignite blood 1
a: no special abilities


You were on level 2 of the Dungeon.
You visited 1 branch of the dungeon, and saw 2 of its levels.

You collected 50 gold pieces.

Inventory:

Hand Weapons
 a - a +0 flail (weapon)
Armour
 b - a +0 scale mail
 c - a +0 buckler (worn)
 f - a +0 chain mail
 g - a +0 plate armour (worn)
Scrolls
 d - a scroll of identify {unknown}
 i - a scroll of blinking {unknown}
 j - a scroll of brand weapon {unknown}
Potions
 e - a potion of attraction
 h - a potion of mutation {unknown}


   Skills:
 - Level 3.0 Fighting
 + Level 5.7 Maces & Flails
 - Level 2.6 Armour
 - Level 2.6 Shields


You had 4 spell levels left.
You didn't know any spells.
Your spell library was empty.

Dungeon Overview and Level Annotations

Branches:
Dungeon (2/15)

Altars:


Innate Abilities, Weirdness & Mutations

You have a pair of small horns on your head.
Your demonic aura sometimes causes spilled blood to erupt in flames.


Message History

The gnoll hits you but does no damage. The gnoll hits you with a +0 halberd.
The gnoll hits you but does no damage.
You see here a +0 spear.
You sock the gnoll!
The gnoll is almost dead.
The gnoll is engulfed in blazing flames.
You kill the gnoll!
You block the gnoll's attack. The gnoll hits you but does no damage.
The gnoll hits you with a +0 spear.
* * * LOW HITPOINT WARNING * * *
Things that are here:
a +0 halberd; a gnoll corpse The gnoll hits you from afar with a +0 spear.
* * * LOW HITPOINT WARNING * * *
You see here a +0 spear.
It was a potion of attraction.
You feel attractive to monsters. The gnoll is attracted toward you.
You barely miss the gnoll. You headbutt the gnoll.
The gnoll is moderately wounded.
The gnoll barely misses you.
You hit the gnoll.
The gnoll is heavily wounded.
The gnoll hits you with a +0 spear.
* * * LOW HITPOINT WARNING * * *
The gnoll hits you with a +0 spear.
* * * LOW HITPOINT WARNING * * *
You hit the gnoll but do no damage. You headbutt the gnoll.
The gnoll is severely wounded.
The gnoll hits you but does no damage. x3
You barely miss the gnoll. You headbutt the gnoll.
You kill the gnoll!
The gnoll hits you from afar with a +0 halberd.
* * * LOW HITPOINT WARNING * * *
The gnoll is attracted toward you.
You barely miss the gnoll. Your headbutt misses the gnoll.
The gnoll hits you with a +0 halberd.
* * * LOW HITPOINT WARNING * * *
You closely miss the gnoll. The gnoll hits you with a +0 halberd!
You die...

.#####..... .##.# .#
..†....######.##.# .#
............#.##.# .#
#####..####.#.##.##.#
#####..# #.#.##.#g.
.......####.#.##.#.#
##......†.>.#.##.#g#
#.##.######..##.#)#
#. #.# #......@#.# #
#............g.#
#..###.#.####### ...
...#.# ...##..#.# ..
#. #.# .. #.# #.


You could see a gnoll.

Vanquished Creatures
  Sigmund (D:2)
  Terence (D:2)
  3 gnolls (D:2)
  An adder (D:2)
  7 bats
  An endoplasm (D:2)
  A giant cockroach (D:1)
  4 goblins
  2 hobgoblins
  2 jackals (D:1)
  2 kobolds (D:1)
  A quokka (D:1)
  2 ball pythons (D:1)
  A rat (D:1)
29 creatures vanquished.

Notes
Turn   | Place    | Note
-------+----------+-------------------------------------------
     0 | D:1      | theswoord the Demonspawn Fighter began the quest for the
                  | Orb.
     0 | D:1      | Reached XP level 1. HP: 18/18 MP: 1/1
    49 | D:1      | Reached skill level 2 in Maces & Flails
   309 | D:1      | Discovered your monstrous ancestry.
   309 | D:1      | Gained mutation: You have a pair of small horns on your
                  | head. [demonic ancestry]
   309 | D:1      | Reached XP level 2. HP: 24/24 MP: 2/2
   910 | D:2      | Noticed Sigmund
   921 | D:2      | Killed Sigmund
   922 | D:2      | Reached skill level 5 in Maces & Flails
   922 | D:2      | Reached XP level 3. HP: 5/29 MP: 3/3
   922 | D:2      | Gained mutation: Your demonic aura sometimes causes spilled
                  | blood to erupt in flames. [demonic ancestry]
   922 | D:2      | Reached XP level 4. HP: 7/35 MP: 4/4
   922 | D:2      | Reached XP level 5. HP: 8/41 MP: 5/5
  1359 | D:2      | Noticed Terence
  1372 | D:2      | Killed Terence
  1578 | D:2      | Slain by a gnoll

Skill      XL: |  1  2 |
---------------+-------+-----
Maces & Flails | 2 5 |  5.7
Fighting       | |  3.0
Armour         | |  2.6
Shields        | |  2.6

Action                   |  1- 3 |  4- 6 || total
-------------------------+-------+-------++-------
Melee: Flail             |    45 |    43 ||    88
       Headbutt          |     4 |    10 ||    14
  Use: Potion            |     1 |     1 ||     2
Armor: Scale mail        |    19 |       ||    19
       Plate armour      |     9 |    39 ||    48
       Chain mail        |     9 |       ||     9
Dodge: Dodged            |    18 |    11 ||    29
Block: Buckler           |    10 |    11 ||    21

Levels and vault maps discovered:
D:1:      minmay_arrival_up_and_down, layout_basic
D:2:      layout_loops_ring, minmay_door_square, st_stairs_5, uniq_terence,
          uniq_sigmund
